 Dungeon Crawl Stone Soup version 0.21.1-1-g345015f (webtiles) character file.

30 inc the Conjurer (level 3, 14/14 HPs)
             Began as a Felid Wizard on Mar 2, 2018.
             Was an Initiate of Vehumet.
             Quit the game on level 2 of the Dungeon.
             The game lasted 00:04:05 (3733 turns).

inc the Conjurer (Felid Wizard)                     Turns: 3733, Time: 00:04:06

Health: 14/14      AC:  1    Str:  3    XL:     3   Next: 5%
Magic:  8/8        EV: 17    Int: 20    God:    Vehumet [......]
Gold:   167        SH:  0    Dex: 14    Spells: 7/8 levels left
                                        Lives:  0   Deaths: 1

rFire    x . .     SeeInvis +   (weapon unavailable)
rCold    + . .     Gourm    .   (shield unavailable)
rNeg     . . .     Faith    .   (armour unavailable)
rPois    .         Spirit   .   (helmet unavailable)
rElec    .         Reflect  .   (cloak unavailable)
rCorr    .         Harm     .   (gloves unavailable)
MR       .....                  (boots unavailable)
Stlth    +++.......             (no amulet)
HPRegen  0.04/turn              i - ring of ice (curse)
MPRegen  0.11/turn              (no ring)

@: quick
A: very small, no armour, no weapons or thrown items, stealth, claws 1, fangs 3,
see invisible, carnivore, speed 1, shaggy fur 1, slow metabolism 1, sharp paws
a: Renounce Religion


You were on level 2 of the Dungeon.
You worshipped Vehumet.
Vehumet was noncommittal.
You were not hungry.

You visited 1 branch of the dungeon, and saw 4 of its levels.

You collected 167 gold pieces.

Inventory:

Jewellery
 i - a cursed ring of ice (left paw)
 l - a cursed ring of loudness {unknown}
Scrolls
 f - a scroll of magic mapping {unknown}
 g - a scroll of teleportation {unknown}
 h - 3 scrolls of remove curse {unknown}
 k - a scroll of random uselessness {unknown}
 m - a scroll of identify
 n - a scroll of immolation {unknown}
Potions
 c - a potion of ambrosia
 d - 4 potions of flight
 e - a potion of curing
 j - a potion of agility {unknown}
Books
 a - a book of Minor Magic

   Spells                             Type                      Level
   a - Magic Dart                     Conjuration                  1
   b - Blink                          Translocation                2
   c - Call Imp                       Summoning                    2
   d - Slow                           Hexes                        2
   e - Conjure Flame                  Conjuration/Fire             3
   f - Mephitic Cloud                 Conjuration/Poison/Air       3
Comestibles
 b - 4 rations


   Skills:
 - Level 2.6 Dodging
 - Level 2.6 Stealth
 - Level 3.0 Spellcasting
 + Level 3.6 Conjurations
   Level 1.0 Summonings
   Level 1.5 Translocations


You had 7 spell levels left.
You knew the following spells:

 Your Spells              Type           Power        Failure   Level  Hunger
a - Magic Dart            Conj           ###.         3%          1    None


Dungeon Overview and Level Annotations

Branches:
Dungeon (4/15)
 Temple: D:4-7

Altars:
Trog
Vehumet

Annotations:
D:4 Dowan, Duvessa


Innate Abilities, Weirdness & Mutations

You cannot wear armour.
You are incapable of wielding weapons or throwing items.
Your paws allow you to move quietly. (Stealth)
You have sharp claws.
You have razor-sharp teeth.
You have supernaturally acute eyesight. (SInv)
You are carnivorous and can eat meat at any time.
You cover ground quickly.
You are covered in fur. (AC +1)
You have a slow metabolism.
Your sharp claws are effective at attacking unaware monsters.


Message History

Press: ? - help, Shift-Dir - straight line, f/p - orc priest
Aim: an orc priest, wielding a club (heavily wounded)
The magic dart hits the orc priest.
The orc priest is heavily wounded.
The orc priest hits you with a club.
* * * LOW HITPOINT WARNING * * *
Casting: Magic Dart
Confirm with . or Enter, or press ? or * to list all spells.
Aiming: Magic Dart
Press: ? - help, Shift-Dir - straight line, f/p - orc priest
Aim: an orc priest, wielding a club (heavily wounded)
The magic dart hits the orc priest.
The orc priest is severely wounded.
The orc priest calls down the wrath of Beogh upon you.
Beogh smites you!
Ouch! That really hurt!
You die...
You are now level 3!
You rejoin the land of the living...
Are you sure you want to abandon this character and quit the game? (Confirm with "yes".)

#######.#
###.#..#.#.# #.#
#.._...#.#.# #.#
#.#.#..#.#.# #.#
#......#.#.# #.#
##.#...#.#.# #.#
#.#...#.#.#
#.######.#...#.#.#
#........#.....#.#
##########@#.###.#
#.......# ###.#####
#.# #.# #.#
##################.#
...................#
####################


There were no monsters in sight!

Vanquished Creatures
  A gnoll (D:1)
  2 adders
  A dart slug (D:2)
  4 leopard geckos
  4 orcs
  5 giant cockroaches
  4 goblins
  3 hobgoblins
  A jackal (D:2)
  3 bats
  3 frilled lizards
  2 kobolds
33 creatures vanquished.

Notes
Turn   | Place    | Note
-------+----------+-------------------------------------------
     0 | D:1      | inc the Felid Wizard began the quest for the Orb.
     0 | D:1      | Reached XP level 1. HP: 7/7 MP: 5/5
     7 | D:1      | Reached skill level 1 in Conjurations
   913 | D:1      | Reached XP level 2. HP: 11/11 MP: 4/7
  1572 | D:2      | Reached XP level 3. HP: 14/14 MP: 2/8
  1998 | D:2      | Found a radiant altar of Vehumet.
  2002 | D:2      | Found a bloodstained altar of Trog.
  2016 | D:2      | Became a worshipper of Vehumet
  2074 | D:2      | Found a faded altar of an unknown god.
  3127 | D:4      | Noticed Duvessa
  3127 | D:4      | Noticed Dowan
  3607 | D:3      | Reached XP level 4. HP: 18/18 MP: 4/9
  3732 | D:2      | Killed from afar by an orc priest
  3733 | D:2      | Reached XP level 3. HP: -14/14 MP: 3/8
  3733 | D:2      | Quit the game

Skill      XL: |  1  2  3 |
---------------+----------+-----
Conjurations   | 1 2 3 |  3.6
Dodging        | |  2.6
Stealth        | |  2.6
Spellcasting   | |  3.0
Summonings     | |  1.0
Translocations | |  1.5

Action                   |  1- 3 |  4- 6 || total
-------------------------+-------+-------++-------
Melee: Unarmed           |     5 |     9 ||    14
       Bite              |       |     1 ||     1
 Cast: Magic Dart        |   120 |    12 ||   132
  Use: Scroll            |     3 |       ||     3
 Stab: Sleeping          |     1 |       ||     1
  Eat: Chunk             |     1 |       ||     1
       Ration            |     1 |       ||     1
Armor: Skin              |       |     1 ||     1
Dodge: Dodged            |    20 |    15 ||    35
